 Dungeon Crawl Stone Soup version 0.28-a0-1206-g193881aaa2 (webtiles) character file.

Game seed: 8232901629600167696

49535 ders the Convoker (level 14, -3/51 HPs)
             Began as a Felid Summoner on Dec 19, 2021.
             Was an Initiate of Gozag.
             Shot with an arrow by a tengu warrior (31 damage)
             ... on level 14 of the Dungeon on Dec 20, 2021.
             The game lasted 02:03:38 (36425 turns).

ders the Convoker (Felid Summoner)                 Turns: 36425, Time: 02:03:39

Health: -3/51      AC:  3    Str:  2    XL:     14   Next: 16%
Magic:  52/52      EV: 20    Int: 21    God:    Gozag
Gold:   271        SH:  0    Dex: 17    Spells: 8/43 levels left
                                        Lives:  0   Deaths: 4

rFire   . . .      SeeInvis +   (weapon unavailable)
rCold   + . .      Faith    .   (shield unavailable)
rNeg    . . .      Spirit   .   (armour unavailable)
rPois   +          Reflect  .   (helmet unavailable)
rElec   +          Harm     .   (cloak unavailable)
rCorr   .          Rampage  .   (gloves unavailable)
Will    ++...                   (boots unavailable)
Stlth   ++........              p - amulet of regeneration
HPRegen 0.97/turn               K - ring of magical power
MPRegen 0.33/turn               a - ring "Vuam" {rElec rPois MP+9 Str-2 SInv}

@: about to teleport, studying 2 skills, quick
A: very small, claws 1, fangs 3, see invisible, speed 1, shaggy fur 3, stealthy
paws, no weapons or thrown items, no armour, multi-lived
a: Renounce Religion, Potion Petition, Call Merchant, Bribe Branch


You were on level 14 of the Dungeon.
You worshipped Gozag.
Gozag was aware of your devotion.
You visited 4 branches of the dungeon, and saw 24 of its levels.
You also visited: Bailey and Ice Cave.

You collected 7980 gold pieces.
You spent 2488 gold pieces at shops.
You paid 5221 gold pieces to Gozag.

Inventory:

Hand Weapons
 J - a +0 mace
Missiles
 j - 717 stones
Jewellery
 a - the ring "Vuam" (right paw) {rElec rPois MP+9 Str-2 SInv}
   (You acquired it on level 6 of the Dungeon)

   [ring of magical power]

   Str:       It affects your strength (-2).
   rElec:     It insulates you from electricity.
   rPois:     It protects you from poison.
   MP:        It affects your magic capacity (+9).
   SInv:      It lets you see invisible.
 l - a ring of protection from fire
 n - a ring of poison resistance
 o - an amulet of guardian spirit
 p - an amulet of regeneration (around neck)
 q - a ring of flight
 s - a ring of protection from cold
 y - a ring of fire
 A - a ring of ice
 D - a ring of protection from cold
 I - a ring of protection from fire
 K - a ring of magical power (left paw)
Wands
 g - a wand of digging (13)
 i - a wand of acid (22)
 k - a wand of iceblast (9)
 w - a wand of polymorph (10)
 F - a wand of flame (15)
 H - a wand of paralysis (3)
Scrolls
 c - 7 scrolls of teleportation
 d - 3 scrolls of magic mapping
 f - 2 scrolls of fog
 u - a scroll of noise
 G - 2 scrolls of identify
Potions
 b - 6 potions of brilliance
 e - 7 potions of curing
 h - a potion of magic
 m - 2 potions of lignification
 t - 2 potions of might
 v - a potion of haste
 x - a potion of mutation
 z - a potion of ambrosia
 B - 2 potions of attraction
 C - 2 potions of cancellation
 E - 2 potions of invisibility


   Skills:
 - Level 6.0 Dodging
 - Level 2.6 Stealth
 * Level 15.0 Spellcasting
 * Level 7.5 Hexes
 * Level 20.7 Summonings
 + Level 5.2 Transmutations
 + Level 7.1 Ice Magic


You had 8 spell levels left.
You knew the following spells:

 Your Spells              Type           Power      Damage    Failure   Level
a - Call Canine Familiar  Summ           80%        N/A       0%          3
b - Yara's Violent Unrav  Hex/Tmut       21%        3d10      8%          5
c - Summon Small Mammal   Summ           100%       N/A       0%          1
d - Sandblast             Erth           30%        2d9       3%          1
e - Summon Guardian Gole  Hex/Summ       66%        N/A       1%          3
f - Summon Lightning Spi  Summ/Air       56%        N/A       1%          4
g - Summon Cactus Giant   Summ           40%        N/A       1%          6
h - Summon Forest         Summ/Tloc      28%        N/A       1%          5
i - Summon Hydra          Summ           40%        N/A       1%          7

Your spell library contained the following spells:

 Spells                   Type           Power      Damage    Failure   Level
 Call Imp                 Summ           80%        N/A       0%          2
 Slow                     Hex            100%       N/A       1%          1
 Sting                    Tmut/Pois      100%       1d8       1%          1
 Passwall                 Tmut/Erth      21%        N/A       1%          2
 Wereblood                Tmut           38%        N/A       1%          2
 Confusing Touch          Hex            47%        N/A       1%          3
 Summon Mana Viper        Hex/Summ       66%        N/A       1%          5
 Dazzling Flash           Conj/Hex       62%        N/A       2%          3
 Shock                    Conj/Air       60%        1d6       3%          1
 Summon Horrible Things   Summ           40%        N/A       4%          8
 Corpse Rot               Necr/Air       30%        N/A       6%          2
 Poisonous Vapours        Pois/Air       30%        N/A       6%          2
 Sublimation of Blood     Necr           15%        N/A       6%          2
 Stone Arrow              Conj/Erth      30%        3d8       12%         3
 Swiftness                Air            15%        N/A       12%         3
 Airstrike                Air            7%         N/A       36%         4
 Iskenderun's Mystic Bla  Conj/Tloc      15%        2d5       36%         4
 Olgreb's Toxic Radiance  Pois           15%        N/A       36%         4
 Haunt                    Necr/Summ      28%        N/A       43%         7
 Starburst                Conj/Fire      7%         6d4       99%         6
 Dragon's Call            Summ           40%        N/A       61%         9


Dungeon Overview and Level Annotations

Branches:
Dungeon (15/15)            Temple (1/1) D:6            Lair (6/6) D:10
  Swamp (0/4) Lair:3       Spider (0/4) Lair:4        Slime (0/5) Lair:6
    Orc (2/2) D:9             Elf (0/3) Orc:2        Vaults (0/5) D:13
 Bailey (visited)           IceCv (visited)
 Depths: D:15

Altars:
Ashenzari
Cheibriados
Dithmenos
Elyvilon
Fedhas
Gozag
Hepliaklqana
Kikubaaqudgha
Makhleb
Nemelex Xobeh
Okawaru
Qazlal
Ru
Sif Muna
Trog
Uskayaw
Vehumet
Wu Jian
Xom
Yredelemnul
Zin
The Shining One
Beogh

Shops:
D:6 *   D:10 !:   D:11 (   D:12 *   D:14 [   Orc:2 (?[[(*   Lair:4 :   Lair:5 :
Lair:6 *

Annotations:
D:7 3 runed translucent doors, SirFunk's ghost, novice DjWz
Lair:1 2 transporters, SensoryNuts's ghost, journeyman DsFi


Innate Abilities, Weirdness & Mutations

You have sharp claws.
You have razor-sharp teeth.
You have supernaturally acute eyesight. (SInv)
You cover ground quickly. (Speed+)
Your thick and shaggy fur keeps you warm. (AC +3, rC+)
Your paws help you pounce on unaware monsters.
You are incapable of wielding weapons or throwing items.
You cannot wear armour.
You gain extra lives every three experience levels.


Message History

You open the door.
A centaur comes into view.
A sourceless malevolence fills the Dungeon...
You fall into a shaft and drop 1 floor!
The shaft crumbles and collapses.
Found 23 stones.
Found an escape hatch in the ceiling.
Found a falchion.
There is an escape hatch in the ceiling here.
A mysterious force pulls you upwards. The hatch slams shut behind you.
You hear a distant snort.
Hark!
There is a gateway to a gauntlet on this level.
Find the entrance quickly before the gate is sealed!
The centaur warrior shouts!
The slime creature quivers. x2
You hear a roar!
The centaur warrior hits you! The centaur warrior misses you.
A five-headed hydra comes into view.
The centaur warrior misses you. The centaur warrior closely misses you.
You hear a shout!
Blink to where?
Press: ? - help, Dir - move target
As you read the scroll of blinking, it crumbles to dust.
The centaur warrior wields a +0 shortbow.
The centaur warrior shoots an arrow.
The arrow completely misses you.
Two slime creatures merge to form a large slime creature.
The centaur warrior shoots an arrow.
The arrow misses you.
A boulder beetle and a tengu warrior come into view.
The tengu warrior shouts!
The tengu warrior unwields a +0 great mace.
The tengu warrior wields a +0 longbow.
The tengu warrior shoots an arrow.
The arrow misses you.
The centaur warrior shoots an arrow.
The arrow hits you!!
The boulder beetle leaps!
The boulder beetle moves out of view.
As you read the scroll of fog, it crumbles to dust.
The scroll dissolves into smoke.
The tengu warrior shoots an arrow.
The arrow closely misses you.
As you read the scroll of teleportation, it crumbles to dust.
You feel strangely unstable.
The tengu warrior shoots an arrow.
The arrow hits you!!
Ouch! That really hurt!
You die...
Your body crumbles into a pile of gold.

***,,,,,,,,,,,,,,,,,*,,**,,** **
,,,,,,,,*,,#..,,,,,,*,,,,,,,*
,,,,,,,,,.,,..,,,,,<+,,,,,,,*
,,,,,,,*,..,#..,,,,,*,,,,,,,*
***,,,,,,......,,,,,*+**#c.******
****+,*,,,○..#.#+#,,,,,,#..#*,,,*
,*,,,,,,,,,......#,,,,,,#...,,,,,
,*,,,,,*,,,*Q.§§§#,,,,,,#...,,,,,
,*,,,,,*,,,*,§§§@#,,,,,,#...,,,,,
,*,,,,,*,,,*,,Q§§#,,,,,,+...,,,,,
**,,,,****,#**#§§#,,,,,,**#'#####
*###+#####.####D§##+#,,,,,#.....#
*#...J.....D.§§§§§..#,,,,,#.....>
,#..J.J......§§§§...#,,,,,+......
,+......c........§..+,,,,,#......
,#########.####.#####,,,,,#....##
,,,,,,,**#.#**#+#,,,,,,**##....##


You could see a tengu warrior.

Vanquished Creatures
  A human (D:13)
  A wyvern zombie (D:6)
  2 dart slugs
  7 orcs
  2 bats (D:3)
  3 endoplasms
  A giant cockroach (D:3)
  3 goblins
  2 hobgoblins
  2 kobolds
  A quokka (D:2)
  2 rats (D:1)
27 creatures vanquished.

Vanquished Creatures (collateral kills)
  Gastronok (Orc:1)
  Frances (D:14)
  Kirke (Lair:6)
  An orc warlord (Orc:2)
  A reaper (IceCv)
  Nessos (D:13)
  A fire dragon (D:13)
  2 boulder beetles
  4 catoblepae
  3 hydras
  A centaur warrior (D:13)
  14 death yaks
  7 two-headed ogres
  2 tengu warriors (D:13)
  An orc high priest (Bailey)
  Urug (Lair:4)
  3 skeletal warriors (D:13)
  Pikel (D:7)
  4 orc knights
  2 manticores
  A deep elf pyromancer (D:12)
  An ugly thing (IceCv)
  2 orc sorcerers (Orc:1)
  8 slime creatures
  A cyclops (D:12)
  13 elephants
  2 black mambas
  2 ice statues (IceCv)
  A torpor snail (Lair:2)
  Psyche (D:10)
  A rime drake (Lair:5)
  5 nameless horrors
  16 cane toads
  2 kobold demonologists
  7 ice devils (IceCv)
  2 anaconda simulacra (IceCv)
  13 komodo dragons
  3 trolls
  2 polar bears
  A hornet (D:10)
  5 jumping spiders (Lair:4)
  19 blink frogs
  11 dream sheep (Lair:6)
  4 redbacks (Lair:4)
  A vampire (D:9)
  2 wraiths
  9 wyverns
  35 yaks
  Eustachio (D:4)
  3 hogs (Lair:6)
  10 basilisks
  13 humans (D:13)
  8 vampire mosquitoes
  2 death yak simulacra
  9 wargs
  2 swamp worms (Lair:3)
  An acid dragon (D:11)
  32 orc warriors
  10 water moccasins
  A sky beast (D:6)
  2 hornet zombies
  A necrophage (D:4)
  4 centaurs
  4 ogres
  15 wolves
  3 lemures (D:7)
  7 kobold brigands
  9 bullfrogs
  2 gnoll sergeants
  4 two-headed ogre simulacra (IceCv)
  2 scorpions (D:5)
  A cane toad simulacrum (IceCv)
  A water moccasin skeleton (D:5)
  2 elephant simulacra (Lair:5)
  5 killer bees (D:8)
  11 wights
  3 electric eels (Bailey)
  11 howler monkeys
  5 centaur zombies
  3 hounds
  4 jellies
  22 orc priests
  3 centaur skeletons
  3 bullfrog skeletons
  3 iguanas
  Natasha (thrice) (D:3)
  Terence (D:2)
  19 orc wizards
  3 polar bear simulacra
  2 troll simulacra (IceCv)
  A wolf simulacrum (IceCv)
  A hound skeleton (D:4)
  A howler monkey zombie (D:10)
  14 gnolls
  10 adders
  3 naga simulacra (IceCv)
  2 white imps
  2 ufetubi
  A worm (D:2)
  2 dart slugs
  73 orcs
  9 endoplasms
  2 giant cockroaches
  13 hobgoblins
  7 jackals
  38 kobolds
  3 quokkas
  4 ball pythons
  4 bats
  6 frilled lizards
  12 goblins
  3 rats
  6 bushes (Lair:5)
  3 butterflies (Lair:2)
692 creatures vanquished.

Vanquished Creatures (others)
  Harold (D:10)
  A hydra (Lair:3)
  An orc sorcerer (Bailey)
  A manticore (Lair:6)
  2 elephants (Lair:4)
  Maggie (D:6)
  A komodo dragon (Lair:6)
  A hornet (D:4)
  A tyrant leech (Lair:3)
  3 dream sheep (Lair:6)
  6 yaks
  3 orc warriors (Bailey)
  3 humans
  3 centaurs
  2 wights (D:6)
  A killer bee (D:4)
  An electric eel (Bailey)
  2 orc priests
  A gnoll (Bailey)
  2 orcs (Bailey)
  2 hobgoblins (Bailey)
  73 fungi
  114 plants
  14 snaplasher vines
240 creatures vanquished.

Grand Total: 959 creatures vanquished

Notes
Turn   | Place    | Note
-------+----------+-------------------------------------------
     0 | D:1      | ders the Felid Summoner began the quest for the Orb.
     0 | D:1      | Reached XP level 1. HP: 7/7 MP: 4/4
   281 | D:1      | Reached XP level 2. HP: 5/11 MP: 1/6
   470 | D:1      | Learned a level 2 spell: Call Imp
  1058 | D:1      | Upgraded the game from 0.28-a0-1199-gef9e1dbd39 to
                  | 0.28-a0-1206-g193881aaa2
  1149 | D:1      | Reached XP level 3. HP: 14/14 MP: 2/7
  1153 | D:1      | Learned a level 3 spell: Call Canine Familiar
  2273 | D:2      | Found a faded altar of an unknown god.
  2450 | D:2      | Reached XP level 4. HP: 18/18 MP: 3/9
  2629 | D:2      | Noticed Terence
  2691 | D:2      | Killed Terence
  2890 | D:2      | Found a basalt altar of Yredelemnul.
  2941 | D:2      | Reached skill level 5 in Summonings
  3610 | D:3      | Learned a level 1 spell: Sandblast
  3671 | D:3      | Noticed a kobold brigand
  3703 | D:3      | Reached XP level 5. HP: 7/21 MP: 6/11
  4019 | D:3      | Noticed Natasha
  4032 | D:3      | Killed Natasha
  4298 | D:3      | Noticed Natasha
  4305 | D:3      | Gained mutation: You are covered in thick fur. (AC +2)
                  | [Felid growth]
  4305 | D:3      | Reached XP level 6. HP: 19/24 MP: 6/13
  4605 | D:3      | Killed Natasha
  4613 | D:3      | Noticed Natasha
  4616 | D:3      | Killed Natasha
  5338 | D:4      | Learned a level 3 spell: Summon Guardian Golem
  5368 | D:4      | Reached skill level 6 in Summonings
  5400 | D:4      | Noticed a hornet
  5426 | D:4      | HP: 1/24 [hornet (9)]
  5427 | D:4      | Paralysed by a hornet for 3 turns
  5427 | D:4      | Mangled by a hornet
  5428 | D:4      | Reached XP level 5. HP: -9/21 MP: 7/12
  5441 | D:4      | Reached skill level 5 in Dodging
  5441 | D:4      | Reached XP level 6. HP: 24/24 MP: 10/14
  5546 | D:4      | Killed a hornet
  5547 | D:4      | Reached skill level 5 in Spellcasting
  5697 | D:4      | Reached XP level 7. HP: 19/27 MP: 4/15
  5992 | D:4      | Noticed Eustachio
  6252 | D:4      | Killed Eustachio
  6253 | D:4      | Reached skill level 7 in Summonings
  6443 | D:4      | Found an ornate altar of the Wu Jian Council.
  7004 | D:4      | Succumbed to a killer bee's poison
  7005 | D:4      | Reached XP level 6. HP: -1/24 MP: 15/15
  7007 | D:5      | Entered Level 5 of the Dungeon
  7018 | D:5      | Found a white marble altar of Elyvilon.
  7093 | D:5      | Reached XP level 7. HP: 24/27 MP: 8/16
  7426 | D:5      | Reached skill level 8 in Summonings
  7611 | D:5      | Found a shimmering blue altar of Sif Muna.
  8075 | D:6      | Identified a scroll of acquirement
  8075 | D:6      | Acquired the ring "Vuam" {rElec rPois MP+9 Str-2 SInv}
  8075 | D:6      | Noticed Maggie
  8111 | D:6      | Noticed a two-headed ogre
  8127 | D:6      | Killed a two-headed ogre
  8128 | D:6      | Reached skill level 9 in Summonings
  8128 | D:6      | Reached XP level 8. HP: 22/31 MP: 3/19
  8955 | D:6      | Reached skill level 10 in Summonings
  9083 | D:6      | Killed Maggie
  9084 | D:6      | Reached XP level 9. HP: 34/34 MP: 21/21
  9244 | D:6      | Found a staircase to the Ecumenical Temple.
  9285 | Temple   | Entered the Ecumenical Temple
  9393 | Temple   | Became a worshipper of Gozag Ym Sagoz the Greedy
  9661 | D:6      | Found Ehaxzit's General Store.
  9985 | D:7      | Found a runed translucent gate.
  9985 | D:7      | Found a runed translucent gate.
  9986 | D:7      | Found a runed translucent gate.
  9987 | D:7      | Noticed SirFunk's ghost (novice DjWz)
 10003 | D:7      | Found a flagged portal.
 10017 | Bailey   | Entered a bailey
 10112 | Bailey   | Learned a level 4 spell: Summon Lightning Spire
 10148 | Bailey   | Found an iron altar of Okawaru.
 10148 | Bailey   | Noticed an orc sorcerer
 10148 | Bailey   | Noticed an orc high priest
 10160 | Bailey   | Killed an orc sorcerer
 10161 | Bailey   | Reached skill level 11 in Summonings
 10170 | Bailey   | Killed an orc high priest
 10272 | Bailey   | Reached XP level 10. HP: 37/37 MP: 19/23
 10377 | Bailey   | Identified the +1 chain mail "Qoperph" {Harm rF++ Int+4}
 10390 | Bailey   | Noticed an orc knight
 10404 | Bailey   | Reached skill level 12 in Summonings
 10408 | Bailey   | Killed an orc knight
 10666 | Bailey   | Acquired a book of the Wilderness
 10675 | Bailey   | Learned a level 6 spell: Summon Cactus Giant
 10681 | Bailey   | Learned a level 5 spell: Summon Forest
 10746 | Bailey   | Noticed a nameless horror
 10765 | Bailey   | Killed a nameless horror
 12192 | D:7      | Noticed Pikel
 12199 | D:7      | Killed Pikel
 12200 | D:7      | Reached skill level 13 in Summonings
 12914 | D:8      | Found an ancient bone altar of Kikubaaqudgha.
 13456 | D:8      | Noticed a two-headed ogre
 13461 | D:8      | Killed a two-headed ogre
 14064 | D:9      | Reached XP level 11. HP: 40/40 MP: 25/25
 14242 | D:9      | Reached skill level 14 in Summonings
 14294 | D:9      | Found a basalt altar of Yredelemnul.
 14296 | D:9      | Noticed a profane servitor
 14310 | D:9      | Noticed a two-headed ogre
 14318 | D:9      | Killed a two-headed ogre
 14319 | D:9      | Reached skill level 10 in Spellcasting
 14522 | D:9      | Found a staircase to the Orcish Mines.
 14926 | D:9      | Found a glowing golden altar of the Shining One.
 14928 | D:9      | Noticed an angel
 14956 | D:10     | Entered Level 10 of the Dungeon
 14957 | D:10     | Noticed a two-headed ogre
 14966 | D:10     | Killed a two-headed ogre
 15139 | D:10     | Noticed Psyche
 15144 | D:10     | Killed Psyche
 15255 | D:10     | Noticed Harold
 15276 | D:10     | Killed Harold
 15277 | D:10     | Reached skill level 15 in Summonings
 15560 | D:10     | Found a staircase to the Lair.
 15638 | D:10     | Found Jyq Dao's Distillery.
 15691 | D:10     | Bought a potion of haste for 160 gold pieces
 15691 | D:10     | Bought a potion of mutation for 128 gold pieces
 15691 | D:10     | Bought a potion of curing for 48 gold pieces
 15691 | D:10     | Bought a potion of curing for 48 gold pieces
 15691 | D:10     | Bought a potion of ambrosia for 128 gold pieces
 15907 | D:10     | Noticed a death yak
 15912 | D:10     | Killed a death yak
 16009 | Lair:1   | Entered Level 1 of the Lair of Beasts
 16025 | Lair:1   | Gained mutation: Your thick and shaggy fur keeps you warm.
                  | (AC +3, rC+) [Felid growth]
 16025 | Lair:1   | Reached XP level 12. HP: 44/44 MP: 15/28
 16051 | Lair:1   | Found a transporter.
 16053 | Lair:1   | Noticed SensoryNuts's ghost (journeyman DsFi)
 16053 | Lair:1   | Noticed an eight-headed hydra
 16319 | Lair:1   | Acquired Uggemn's Almanac of Companions
 16678 | Lair:1   | Found a transporter.
 16896 | Lair:2   | Reached skill level 16 in Summonings
 17276 | Lair:2   | Noticed a six-headed hydra
 17284 | Lair:2   | Killed a six-headed hydra
 18175 | Lair:3   | Reached skill level 17 in Summonings
 19101 | Lair:3   | Noticed a seven-headed hydra
 19103 | Lair:3   | Killed a seven-headed hydra
 19218 | Lair:3   | Noticed a seven-headed hydra
 19229 | Lair:3   | Killed a seven-headed hydra
 19291 | Lair:3   | Found a staircase to the Swamp.
 19573 | Lair:4   | Reached XP level 13. HP: 47/47 MP: 25/30
 19914 | Lair:4   | Reached skill level 18 in Summonings
 20556 | Lair:4   | Learned a level 7 spell: Summon Hydra
 20929 | Lair:4   | Found a hole to the Spider Nest.
 20995 | Lair:4   | Noticed Urug
 21003 | Lair:4   | Killed Urug
 21818 | Lair:5   | Reached skill level 19 in Summonings
 22117 | Lair:5   | Found a frozen archway.
 22129 | IceCv    | Entered an ice cave
 23112 | IceCv    | Noticed a reaper
 23127 | IceCv    | Annihilated by a reaper
 23128 | IceCv    | Reached XP level 12. HP: -22/44 MP: 5/39
 23163 | IceCv    | Killed a reaper
 23164 | IceCv    | Reached XP level 13. HP: 37/47 MP: 16/31
 23675 | Lair:5   | Reached skill level 1 in Ice Magic
 23845 | Lair:5   | Bought a book of Misfortune for 336 gold pieces
 24506 | Lair:6   | Entered Level 6 of the Lair of Beasts
 24780 | Lair:6   | Reached skill level 1 in Transmutations
 25214 | Lair:6   | Noticed Kirke
 25428 | Lair:6   | Found a staircase to the Slime Pits.
 25705 | Lair:6   | Killed Kirke
 26561 | Lair:6   | Reached skill level 20 in Summonings
 26748 | Lair:6   | Acquired 804 gold pieces
 27070 | Lair:6   | Reached skill level 5 in Ice Magic
 27690 | Lair:6   | Bought a scroll of blinking for 225 gold pieces
 27702 | Lair:6   | Learned a level 5 spell: Yara's Violent Unravelling
 27807 | D:11     | Reached XP level 14. HP: 51/51 MP: 17/33
 27810 | D:11     | Reached skill level 1 in Hexes
 28113 | D:11     | Found Xeaforuu's Weapon Boutique.
 28809 | D:11     | Identified the +0 plate armour of Quiescent Freedom
                  | {Rampage SInv}
 30371 | D:13     | Noticed Nessos
 30383 | D:13     | Killed Nessos
 30641 | D:13     | Found a gate to the Vaults.
 30850 | D:13     | Reached skill level 5 in Hexes
 30894 | D:13     | Shot with an arrow by a centaur warrior
 30895 | D:13     | Reached XP level 13. HP: -3/47 MP: 18/41
 31031 | Orc:1    | Entered Level 1 of the Orcish Mines
 31305 | Orc:2    | Entered Level 2 of the Orcish Mines
 32068 | Orc:2    | Found Poseajuc's Magic Scroll Boutique.
 32080 | Orc:2    | Bought a scroll of teleportation for 45 gold pieces
 32080 | Orc:2    | Bought a scroll of teleportation for 45 gold pieces
 32080 | Orc:2    | Bought a scroll of identify for 30 gold pieces
 32080 | Orc:2    | Bought a scroll of identify for 30 gold pieces
 32204 | Orc:2    | Found Orumn's Weapon Emporium.
 32211 | Orc:2    | Found a staircase to the Elven Halls.
 32918 | Orc:2    | Noticed an orc warlord
 32935 | Orc:2    | Killed an orc warlord
 33430 | Orc:2    | Found Imyhot's Antique Weapon Shoppe.
 33432 | Orc:2    | Found Busu's Antique Armour Emporium.
 33591 | Orc:2    | Found Okkiq's Armour Shoppe.
 33940 | Orc:1    | Noticed Gastronok
 33947 | Orc:1    | Killed Gastronok
 34524 | Orc:1    | Reached skill level 5 in Transmutations
 34717 | Orc:2    | Bought a peridot ring for 145 gold pieces
 34911 | Lair:5   | Bought a manual of Dodging for 1120 gold pieces
 35117 | D:13     | Killed a fire dragon
 35183 | D:13     | Reached XP level 14. HP: 20/51 MP: 33/33
 35541 | D:13     | Reached skill level 15 in Spellcasting
 35999 | D:14     | Found Neyna Xopn's Armour Boutique.
 36205 | D:14     | Noticed Frances
 36242 | D:14     | Killed Frances
 36409 | D:14     | You fall into a shaft and drop 1 floor!
 36409 | D:15     | Entered Level 15 of the Dungeon
 36425 | D:14     | Shot with an arrow by a tengu warrior

Illustrated notes

Levels and vault maps discovered:
D:1:      shiori_arrival_oz, layout_basic, minmay_curled_crystal, st_stairs_2,
          chequers_serial_rivers_micro_d, minmay_tripent
D:2:      wander_river, layout_basic, basic_altar,
          hellmonk_ecumenical_altar_prayer_group, bh_walls_and_bars,
          uniq_terence
D:3:      cheibrodos_thug_alley, layout_rooms, kennysheep_generic_room_15,
          uniq_natasha
D:4:      layout_basic, mainiacjoe_overflow_paths,
          chequers_serial_rivers_small_b, uniq_eustachio
D:5:      layout_cave_pools, mainiacjoe_overflow_large_starburst
D:6:      layout_layer_cave, temple_pool_b, serial_shops, kennysheep_little_box,
          uniq_maggie
D:7:      layout_basic, ebering_ghost_rock_garden, enter_bailey_2, uniq_pikel
D:8:      layout_loops_ring, tgw_kikubaaqudgha
D:9:      layout_loops_ring, grunt_temple_overflow_holy_war, orc_0_dummy,
          st_stairs_1
D:10:     layout_basic, david_lair_generic, serial_shops, shop, uniq_psyche,
          uniq_harold
D:11:     layout_gridville, serial_shops, shop
D:12:     layout_irregular_city
D:13:     layout_basic, david_vaults_3
D:14:     layout_gridville, gauntlet_entry_generic,
          minmay_misc_feat_more_columns, serial_shops, shop, uniq_frances
D:15:     hangedman_depths_entry_civil_slaughter, layout_gridville,
          serial_shops, nicolae_shop_statue_plus, okawaru_ov_weapons_minmay
Temple:   nicolae_temple_elliptical
Lair:1:   layout_chaotic_city, gammafunk_ghost_berserking_beasts,
          grunt_forest_small_clearing_treed
Lair:2:   layout_big_grid, lemuel_fruit_fields
Lair:3:   layout_regular_city, palyth_hydra_swamp_entry, grunt_megastairs_2
Lair:4:   layout_regular_city, nicolae_spider_entry_tight_spaces,
          nicolae_lair_yak_garden, uniq_urug
Lair:5:   layout_loops_ring, portal_ice_cave_entry_ice_simulacra
Lair:6:   evilmike_catoblepas_cave, layout_layer_cave,
          nicolae_slime_entry_slimehenge, uniq_kirke
Orc:1:    layout_caves, mines1_david, uniq_gastronok
Orc:2:    grunt_orc_community_town_hall, layout_caves,
          grunt_orc_community_big_house_1, grunt_orc_community_big_house_1,
          grunt_orc_community_house_1, grunt_orc_community_house_3,
          grunt_orc_community_house_1, grunt_orc_community_house_3,
          grunt_orc_community_house_1, grunt_orc_community_house_1,
          serial_shops, nicolae_shop_bloodbath_and_beyond

Skill      XL: |  1  2  3  4  5  6  7  8  9 10 11 12 13 14 |
---------------+-------------------------------------------+-----
Dodging        | 3 4 5 6 |  6.0
Spellcasting   | 3 4 5 7 8 9 11 12 14 15 | 15.0
Summonings     | 5 6 9 10 11 13 15 17 20 | 20.7
Ice Magic      | 5 7 |  7.1
Transmutations | 5 4 |  5.2
Hexes          | 6 7 |  7.5
Stealth        | |  2.6

Action                   |  1- 3 |  4- 6 |  7- 9 | 10-12 | 13-15 || total
-------------------------+-------+-------+-------+-------+-------++-------
Melee: Unarmed           |    40 |    14 |    40 |    52 |    51 ||   197
       Bite              |     2 |     2 |     4 |     5 |     4 ||    17
 Cast: Summon Small Mamm |    54 |    28 |    19 |     6 |     5 ||   112
       Call Imp          |    18 |    32 |    21 |     5 |     2 ||    78
       Call Canine Famil |     4 |    20 |    41 |    23 |    28 ||   116
       Sandblast         |       |    15 |     4 |       |       ||    19
       Summon Guardian G |       |     5 |    29 |    44 |    51 ||   129
       Summon Lightning  |       |       |     4 |    24 |    23 ||    51
       Summon Cactus Gia |       |       |       |    78 |   134 ||   212
       Summon Forest     |       |       |       |    39 |   103 ||   142
       Summon Hydra      |       |       |       |     1 |   122 ||   123
       Yara's Violent Un |       |       |       |       |     2 ||     2
Invok: Call Merchant     |       |       |       |     1 |     5 ||     6
  Use: Potion            |       |     3 |     6 |     1 |     6 ||    16
       Scroll            |       |     3 |    11 |     5 |    14 ||    33
 Stab: Distracted        |       |       |     1 |       |       ||     1
Armor: Skin              |     2 |     3 |    10 |     4 |    12 ||    31
Dodge: Dodged            |    42 |    49 |   150 |   106 |   168 ||   515

Table legend: (Time is in decaauts)
 A = Elapsed time spent in this place.
 B = Non-inter-level travel time spent in this place.
 C = Inter-level travel time spent in this place.
 D = Time resting spent in this place.
 E = Time spent auto-exploring this place.
 F = Levels seen in this place.
 G = Mean time per level.
                   A        B        C        D        E       F      G
               +--------+--------+--------+--------+--------+-----+--------+
         Total |  33081 |  31249 |   1832 |   5465 |  19197 |  26 | 1272.3 |
       Dungeon |  17448 |  16555 |    893 |   2946 |  10260 |  15 | 1163.2 |
        Temple |    100 |     85 |     15 |      0 |     70 |   1 |  100.0 |
          Lair |   9640 |   8916 |    724 |   1111 |   6376 |   6 | 1606.7 |
  Orcish Mines |   3435 |   3236 |    199 |    867 |   1545 |   2 | 1717.5 |
        Bailey |   1235 |   1235 |      0 |    171 |    552 |   1 | 1235.0 |
      Ice Cave |   1220 |   1220 |      0 |    369 |    392 |   1 | 1220.0 |
               +--------+--------+--------+--------+--------+-----+--------+

Top non-repeatable levels by time:
  Lair:6: 2525 daAuts
   Orc:2: 2443 daAuts
     D:1: 1952 daAuts
  Lair:5: 1863 daAuts
  Lair:4: 1847 daAuts
  Lair:3: 1706 daAuts
     D:3: 1685 daAuts
     D:4: 1630 daAuts
     D:2: 1476 daAuts
    D:12: 1448 daAuts
    D:13: 1355 daAuts
     D:5: 1324 daAuts
  Bailey: 1235 daAuts
   IceCv: 1220 daAuts
     D:7: 1163 daAuts
